 Dungeon Crawl Stone Soup version 0.29-a0-317-gd16b76e6b1 (webtiles) character file.

Game seed: 16673514247196874954

244 Bnni the Sneak (level 6, -1/42 HPs)
             Began as an Octopode Brigand on Apr 1, 2022.
             Slain by an orc
             ... wielding a +0 trident
              (5 damage)
             ... on level 3 of the Dungeon.
             The game lasted 00:06:24 (2503 turns).

Bnni the Sneak (Octopode Brigand)                   Turns: 2503, Time: 00:06:24

Health: -1/42      AC:  1    Str: 11    XL:     6   Next: 10%
Magic:  6/6        EV: 12    Int: 15    God:
Gold:   251        SH:  0    Dex: 15    Spells: 5/5 levels left

rFire   . . .      SeeInvis .   s - +2 whip (vamp)
rCold   . . .      Faith    .   (no shield)
rNeg    . . .      Spirit   .   (helmet restricted)
rPois   .          Reflect  .   (no amulet)
rElec   .          Harm     .   d - ring of willpower
rCorr   .          Rampage  .   (no ring)
Will    +....                   (no ring)
Stlth   +++++.....              (no ring)
HPRegen 0.94/turn               (no ring)
MPRegen 0.10/turn               (no ring)
                                (no ring)
                                (no ring)

@: no status effects
A: almost no armour, amphibious, 8 rings, camouflage 1, gelatinous body 1,
(nimble swimmer 1), tentacles, clever 1, regeneration 1, MP-powered wands
a: no special abilities


You were on level 3 of the Dungeon.
You visited 1 branch of the dungeon, and saw 3 of its levels.

You collected 251 gold pieces.

Inventory:

Hand Weapons
 a - a +2 dagger
 s - a +2 vampiric whip (weapon)
Missiles
 b - 14 poisoned darts (quivered)
 c - 3 curare-tipped darts
Jewellery
 d - a ring of willpower (left tentacle)
 n - a ring of flight
Scrolls
 h - a scroll of silence {unknown}
 i - a scroll of immolation {unknown}
 m - a scroll of noise {unknown}
 o - a scroll of fog {unknown}
 p - a scroll of blinking {unknown}
 q - a scroll of fear {unknown}
 r - a scroll of teleportation {unknown}
 u - a scroll of identify {unknown}
Potions
 e - 2 potions of heal wounds {unknown}
 g - 2 potions of mutation
 j - a potion of attraction {unknown}
 k - a potion of brilliance {unknown}
 l - a potion of degeneration {unknown}
 t - a potion of haste {unknown}


   Skills:
 + Level 3.2 Fighting
 * Level 4.1 Short Blades
 - Level 2.0 Throwing
 - Level 1.0 Dodging
 * Level 7.5 Stealth


You had 5 spell levels left.
You didn't know any spells.
Your spell library contained the following spells:

 Spells                   Type           Power      Damage    Failure   Level
 Slow                     Hex            0%         N/A       26%         1
 Confusing Touch          Hex            0%         N/A       63%         3
 Portal Projectile        Hex/Tloc       0%         N/A       63%         3
 Stone Arrow              Conj/Erth      0%         3d7       63%         3
 Vampiric Draining        Necr           0%         2d6       63%         3
 Blade Hands              Tmut           0%         N/A       100%        5
 Excruciating Wounds      Necr           0%         N/A       100%        5
 Lehudib's Crystal Spear  Conj/Erth      0%         10d2      100%        8
 Animate Armour           Summ/Erth      Unusable   N/A       N/A         4

Dungeon Overview and Level Annotations

Branches:
Dungeon (3/15)

Altars:
Sif Muna


Innate Abilities, Weirdness & Mutations

You cannot wear most types of armour.
You are amphibious.
You can wear up to eight rings at the same time.
Your skin changes colour to match your surroundings (Stealth+).
Your rubbery body absorbs attacks. (AC +1, EV +1)
((You are camouflaged when in or above water. (Stealth+)))
You have tentacles for arms and can constrict up to eight enemies at once.
Your mind is acute. (Int +2)
Your natural rate of healing is unusually fast.
You expend magic power (3 MP) to strengthen your wands.


Message History

The orc hits the bush but does no damage.
The orc hits you from afar with a +0 trident!
The orc barely misses you. The orc misses you.
You hit the orc. You grab the orc.
The orc is heavily wounded.
You constrict the orc, but do no damage.
The orc closely misses you.
The orc hits you with a +2 mace of protection.
You hit the orc.
You feel better.
You kill the orc!
The orc hits you from afar with a +0 trident.
The orc hits you from afar with a +0 trident.
The orc hits you with a +0 whip.
You see here a +2 mace of protection.
You are too injured to fight recklessly!
You are too injured to fight recklessly!
You are too injured to fight recklessly!
You completely miss the orc. Your grab misses the orc. You squeeze the orc.
The orc is heavily wounded.
The orc hits you from afar with a +0 trident!
The orc misses you.
You hit the orc but do no damage. You grab the orc.
The orc is heavily wounded.
You constrict the orc, but do no damage.
The orc hits you from afar with a +0 trident.
* * * LOW HITPOINT WARNING * * *
The orc hits you but does no damage.
The orc hits you from afar with a +0 trident.
* * * LOW HITPOINT WARNING * * *
The orc hits you with a +0 whip.
* * * LOW HITPOINT WARNING * * *
You feel better.
You constrict the orc.
The orc hits you from afar with a +0 trident!
* * * LOW HITPOINT WARNING * * *
The orc hits you with a +0 whip.
* * * LOW HITPOINT WARNING * * *
You release your grip on the orc.
The orc attacks as you move away! The orc closely misses you.
The orc hits you from afar with a +0 trident.
You die...

#.#........# #
#.#..##....# #
#####.#...#....#
#
#.....)........#
#
#.#)..#.#......#
#
#.#.#.......<..#
#


#PPP.PPPPPPP..#.# # #P.........P....# # #PPPPP@PPP.P##### # #P..oP)P...P #
P.P.PoPPP.P # P.P...P?P P # P.PPPPP.P # P...P.... ..... .P.P.PPP. ##### ..P.P.P
.P .P P P.P P You could see 2 orcs.

Vanquished Creatures
  A phantom (D:3)
  An orc priest (D:3)
  Terence (D:3)
  4 adders
  A worm (D:2)
  A dart slug (D:3)
  2 orcs (D:3)
  3 endoplasms
  A giant cockroach (D:2)
  7 goblins
  A hobgoblin (D:2)
  7 jackals
  7 kobolds
  3 quokkas (D:2)
  14 ball pythons
  6 bats
  7 frilled lizards
  7 rats
74 creatures vanquished.

Notes
Turn   | Place    | Note
-------+----------+-------------------------------------------
     0 | D:1      | Bnni the Octopode Brigand began the quest for the Orb.
     0 | D:1      | Reached XP level 1. HP: 14/14 MP: 1/1
   256 | D:1      | Reached XP level 2. HP: 11/19 MP: 2/2
   662 | D:1      | Found a faded altar of an unknown god.
   683 | D:1      | Identified the +9 hand axe "Kaakam" {vorpal, *Rage Int+6
                  | Dex+2}
  1211 | D:1      | Gained mutation: You have hidden genetic potential. [potion
                  | of mutation]
  1211 | D:1      | Gained mutation: Your natural rate of healing is unusually
                  | fast. [potion of mutation]
  1225 | D:1      | Reached skill level 6 in Stealth
  1225 | D:1      | Reached XP level 3. HP: 15/25 MP: 3/3
  1267 | D:2      | Gained mutation: Your mind is acute. (Int +2) [hidden
                  | potential]
  1508 | D:2      | Reached XP level 4. HP: 29/30 MP: 4/4
  1599 | D:2      | Gained mutation: You expend magic power (3 MP) to
                  | strengthen your wands. [hidden potential]
  1599 | D:2      | Lost mutation: You have hidden genetic potential. [hidden
                  | potential expressed]
  1976 | D:3      | Noticed a phantom
  2114 | D:3      | Found a shimmering blue altar of Sif Muna.
  2304 | D:3      | Killed a phantom
  2305 | D:3      | Reached skill level 7 in Stealth
  2305 | D:3      | Reached XP level 5. HP: 32/36 MP: 5/5
  2449 | D:3      | Noticed Terence
  2457 | D:3      | Killed Terence
  2478 | D:3      | Reached XP level 6. HP: 34/42 MP: 6/6
  2503 | D:3      | Slain by an orc

Illustrated notes

Levels and vault maps discovered:
D:1:      eino_arrival_druids_welcome, layout_basic,
          hellmonk_ecumenical_altar_lost_god, nrook_loot_triangle,
          minmay_shallow_snake_nest
D:2:      layout_loops_ring, minmay_pentomino_o4
D:3:      layout_basic, lemuel_tele_altar, minmay_hedge_maze, uniq_terence

Skill      XL: |  1  2  3  4  5 |
---------------+----------------+-----
Stealth        | 6 7 |  7.5
Short Blades   | 3 4 |  4.1
Fighting       | 3 |  3.2
Throwing       | |  2.0
Dodging        | |  1.0

Action                   |  1- 3 |  4- 6 || total
-------------------------+-------+-------++-------
Melee: Dagger            |    59 |    58 ||   117
       Tentacles         |     9 |    17 ||    26
       Constrict         |     8 |    13 ||    21
       Whip              |       |     7 ||     7
       Punch             |       |     1 ||     1
Throw: Dart              |     2 |       ||     2
  Use: Potion            |     2 |     1 ||     3
 Stab: Sleeping          |    10 |    11 ||    21
Armor: Skin              |     2 |     4 ||     6
Dodge: Dodged            |    60 |    21 ||    81

Table legend: (Time is in decaauts)
 A = Elapsed time spent in this place.
 B = Non-inter-level travel time spent in this place.
 C = Inter-level travel time spent in this place.
 D = Time resting spent in this place.
 E = Time spent auto-exploring this place.
 F = Levels seen in this place.
 G = Mean time per level.
                   A        B        C        D        E       F      G
               +--------+--------+--------+--------+--------+-----+--------+
         Total |   2484 |   2440 |     44 |      5 |   1955 |   3 |  828.0 |
       Dungeon |   2484 |   2440 |     44 |      5 |   1955 |   3 |  828.0 |
               +--------+--------+--------+--------+--------+-----+--------+

Top non-repeatable levels by time:
     D:1: 1236 daAuts
     D:2: 701 daAuts
     D:3: 546 daAuts
